[Event "Polish Youth G16 Championship 2023"]
[Site "Jastrzebia Gora"]
[Date "2023.03.15"]
[Round "5.1"]
[White "Bar, Klaudia"]
[Black "Szczotka, Klara"]
[Result "1/2-1/2"]
[ECO "B12"]
[WhiteElo "1731"]
[BlackElo "1739"]
[Annotator "NA RC COMBH"]
[PlyCount "61"]
[EventDate "2023.03.11"]
[EventType "swiss"]
[EventCountry "POL"]
[SourceTitle "playchess.com"]
[Source "ChessBase"]
[SourceQuality "1"]
[TimeControl "40/5400+30:1800+30"]

1. e4 c6 2. d4 d5 3. e5 c5 4. dxc5 e6 5. a3 Bxc5 6. b4 Be7 7. Qg4 g6 8. Nf3 a5 9. b5 Nd7 10. Bb2 Qc7 11. Bd3 h5 12. Qf4 Nh6 13. Nbd2 Nc5 14. Rc1 a4 15. Be2 Nf5 16. c4 Qd8 17. h4 b6 18. Rd1 Bb7 19. Ng5 Rf8 20. Ndf3 Qc7 21. O-O O-O-O 22. Nh7 Rh8 23. Nhg5 Rhf8 24. Nh7 Rh8 25. Nhg5 Rhf8 26. Nh7 Rh8 27. Nhg5 Rhf8 28. Nh7 Rh8 29. Nhg5 Rhf8 30. Nh7 Rh8 31. Nhg5 1/2-1/2

[Event "Polish Youth G16 Championship 2023"]
[Site "Jastrzebia Gora"]
[Date "2023.03.15"]
[Round "5.2"]
[White "Siekanska, Maria"]
[Black "Tokarz, Izabela"]
[Result "1/2-1/2"]
[ECO "D30"]
[WhiteElo "1996"]
[BlackElo "1725"]
[Annotator "TA"]
[PlyCount "88"]
[EventDate "2023.03.11"]
[EventType "swiss"]
[EventCountry "POL"]
[SourceTitle "playchess.com"]
[Source "ChessBase"]
[SourceQuality "1"]
[TimeControl "40/5400+30:1800+30"]

1. d4 d5 2. c4 e6 3. g3 a6 4. Bg2 dxc4 5. Nf3 b5 6. Ne5 {[%emt 0:03:41] D30: Queen's Gambit Declined: Systems without Nc3.} c6 7. O-O (7. Bxc6+ $2 {perishes.} Nxc6 8. Nxc6 Qd5 $19) 7... Bb7 8. b3 cxb3 9. axb3 Nf6 10. Bb2 Be7 11. Qc2 Qb6 {[%emt 0:04:09] [#]} 12. Rc1 $146 {[%emt 0:01:29][%cal Re5c6][%mdl 1024] White has compensation.} ({Predecessor:} 12. Nd2 O-O 13. Ne4 Nbd7 14. Ng5 g6 15. Nxc6 Bd6 16. Ne5 Bxg2 17. Nxd7 Nxd7 18. Kxg2 {½-½ Lim,Z (2182)-Al Hajiri,B (2112) Olympiad-43 Batumi 2018 (3.68)}) 12... Nd5 13. Nd3 O-O 14. Nc5 Bc8 15. e4 Nf6 16. Bc3 Nbd7 17. Ba5 Qa7 18. b4 (18. Nd2 $14) 18... Nxc5 (18... e5 $11) 19. dxc5 ({Better is} 19. bxc5 $14 Bd8 20. Nd2) 19... e5 $11 20. f4 (20. Qd3 $11) 20... Ng4 (20... exf4 $17 21. gxf4 Nh5) 21. Qe2 exf4 22. gxf4 Qd7 {[%emt 0:01:19] [#] Strongly threatening ...Qd4+.} 23. Rd1 {[%emt 0:02:06] Repels Qd4+} Qe6 {[%emt 0:00:07] ...Qf6 would be deadly.} 24. Qf3 (24. h3 $5 Nf6 25. Nc3 $14) 24... Qc4 $36 {[%emt 0:02:29][%cal Oe7c5][%mdl 2048] aiming for ...Bxc5+! Black has some pressure.} 25. Qc3 (25. Kh1 $11 Qc2 26. Rf1) 25... Qe2 26. Qd2 Qe3+ 27. Qxe3 Nxe3 28. Rd3 Nxg2 29. Kxg2 f5 30. e5 g5 31. Nc3 gxf4 32. Kf3 Kf7 33. Ne2 Be6 34. Nd4 (34. Nxf4 $11 {remains equal.} Rg8 35. Bc7) 34... Bd5+ $17 35. Kxf4 Rg8 36. Rg3 {[%emt 0:03:44] Wards off Bg5+} h6 (36... Rxg3 $142 37. hxg3 Rg8 38. e6+ {[%mdl 64] Decoy} Bxe6 39. Nxe6 Kxe6 40. Re1+ Kf6) 37. e6+ {[%emt 0:04:31][%mdl 64] [#] Decoy} Bxe6 38. Nxe6 Kxe6 (38... Rxg3 {simplifies} 39. hxg3 Kxe6 40. Re1+ Kf6) 39. Re1+ Kf7 ({Black should play} 39... Kf6 $17 40. Rge3 Rae8) 40. Kxf5 $11 {[%emt 0:00:00] The position is equal.} Rxg3 41. hxg3 Rg8 42. Bc7 Rg5+ 43. Ke4 $1 h5 44. Bf4 Rg6 {[%emt 0:04:28] Weighted Error Value: White=0.19 (very precise) /Black=0.14 (very precise)} 1/2-1/2

[Event "Polish Youth G16 Championship 2023"]
[Site "Jastrzebia Gora"]
[Date "2023.03.15"]
[Round "5.3"]
[White "Smietanska, Wiktoria"]
[Black "Zapalowska, Wiktoria"]
[Result "1/2-1/2"]
[ECO "B11"]
[WhiteElo "1954"]
[BlackElo "1639"]
[Annotator "TA"]
[PlyCount "182"]
[EventDate "2023.03.11"]
[EventType "swiss"]
[EventCountry "POL"]
[SourceTitle "playchess.com"]
[Source "ChessBase"]
[SourceQuality "1"]
[TimeControl "40/5400+30:1800+30"]

1. e4 c6 2. Nf3 d5 3. Nc3 Bg4 4. h3 Bxf3 5. Qxf3 e6 6. g3 Nf6 7. Bg2 Nbd7 8. Qe2 {[%emt 0:08:14] B11: Caro-Kann: Two Knights Variation.} dxe4 9. Nxe4 Nxe4 10. Bxe4 {[%emt 0:00:11] White has an edge.} Nf6 11. Bg2 Bd6 12. O-O Qc7 13. d4 O-O 14. Bg5 Be7 {[%emt 0:03:01] [#]} 15. c3 $146 ({Predecessor:} 15. Qe5) 15... Rad8 16. h4 h6 17. Bf4 Bd6 18. Bxd6 Qxd6 19. Rfe1 Rfe8 20. Rad1 Qe7 21. Qf3 Nd5 22. Rd3 Qc7 23. Red1 Nb6 24. Qe2 Re7 25. Re3 Rde8 26. Re1 Qd6 27. Qh5 Nd5 28. R3e2 f6 (28... Rd8 $11) 29. Be4 f5 30. Bc2 Rf7 $2 (30... Kh7 $14) 31. Re5 $2 (31. Bxf5 $1 $18 {and the rest is easy.} Nf6 32. Qg6 (32. Rxe6 $2 Nxh5 {[%mdl 64] Discovered Attack} 33. Rxe8+ Rf8 $19)) 31... Ree7 32. Qe2 {[%emt 0:01:31][%cal Re5e6] White is more active.} Rf6 33. a3 g6 34. Qd2 Kg7 35. Bb3 Rf8 (35... Re8 $142) 36. Qe2 (36. c4 $142 Nf6 37. c5) 36... Rfe8 $16 37. Bc2 (37. Bxd5 $16 cxd5 38. h5) 37... Nf6 38. Bb3 (38. Qd1 $11) 38... Kf7 $2 (38... Ng4 $1 $17 39. Ra5 (39. Rxe6 $2 Rxe6 40. Bxe6 Kf6 $19) 39... b6) 39. Qd2 Ng4 40. R5e2 Kg7 41. Kg2 Nf6 (41... e5 {simplifies} 42. f3 Nf6 43. dxe5 Qxd2 44. Rxd2 Rxe5 45. Rxe5 Rxe5 46. Bc4 Re7) 42. Rd1 Ne4 (42... Qc7 {simplifies} 43. Qf4 Qxf4 44. gxf4 Kf7) 43. Qe3 a6 44. Bc2 Nf6 45. Qe5 Qd5+ 46. f3 Kf7 47. Qf4 $36 {[%emt 0:00:46][%mdl 2048] White has good play.} (47. Rde1 {is interesting.} b5 48. Qf4 Kg7 49. Re5) 47... Kg7 48. Re5 Qd8 49. b4 Qc7 50. Qd2 Nd7 51. Re2 Nb6 (51... Nf6 $11) 52. Bb3 $14 Qd6 (52... Nd5 $14 {is more appropriate.}) 53. c4 $16 Qd8 54. Qc3 {[%emt 0:00:11] Black must now prevent d5+.} Kf7 (54... Kh7 $14) 55. a4 Nd7 $2 {[%emt 0:01:24][%mdl 8192] [#]} (55... Kg8 $16 56. Rde1 Kh7) 56. Rf1 $2 ({White has to play} 56. d5 $1 $18 {[%cal Rd5e6] And now dxe6+ would win.} exd5 57. Rxe7+ Qxe7 58. cxd5 Qe2+ 59. Kh3 cxd5 {[%mdl 64] Remove Defender} 60. Bxd5+ Kf8 61. Qh8+ Ke7 62. Qh7+ (62. Qxh6 $2 Qxd1 63. g4 Qxd5 $19) (62. Qd4 g5 $18) 62... Kd8 63. Bb3) 56... Nf6 $14 57. g4 (57. a5 $14) 57... Rd7 $11 58. Rd2 {[%emt 0:01:12] [#]} (58. c5 $15) 58... e5 $1 59. d5 cxd5 (59... Kg7 $5 60. gxf5 gxf5 $17) 60. cxd5 Kg7 61. gxf5 gxf5 {[%emt 0:00:24] ...Nh5 would be deadly.} 62. Qc4 $2 (62. d6 $15) 62... e4 63. Qd4 $2 (63. Rg1 {was worth a try.} Kh7 64. d6 exf3+ 65. Kxf3) 63... e3 $2 (63... Kh7 $19 64. Rg1 (64. d6 $2 Nh5 $19) 64... exf3+ 65. Kxf3 Re4) 64. Re2 $15 Kh7 65. Rxe3 $2 (65. Qf4 $1 $15) 65... Rxe3 ({Don't take} 65... Nxd5 66. Rxe8 Qxe8 67. Bxd5 $18) 66. Qxe3 {[%emt 0:00:05] [#] Strongly threatening Qf4.} Nxd5 $2 (66... Nh5 $1 $19 67. Rg1 (67. Qe5 $2 Rg7+ 68. Kh3 Rg3+ 69. Qxg3 Nxg3 $19) 67... Qxh4) 67. Bxd5 {[%emt 0:00:41] aiming for Be6.} (67. Qe5 $5 Rg7+ 68. Kh3 $14) 67... Rxd5 {[%emt 0:00:04][%mdl 4096] Endgame KQR-KQR} 68. Re1 Qd7 (68... Qxh4 $11 {was preferrable.} 69. Qe7+ Qxe7 70. Rxe7+ Kg6) 69. Qe7+ $14 Kg8 70. Qe8+ ({White should play} 70. h5 $14) 70... Qxe8 $11 {[%emt 0:00:04] The position is equal.} 71. Rxe8+ {[%emt 0:00:04] KR-KR} Kf7 72. Rb8 Rd7 73. Kg3 Kf6 74. b5 axb5 75. axb5 Ke5 76. Re8+ Kf6 77. Rf8+ Ke5 78. Re8+ Kf6 79. Rh8 Kg7 80. Rb8 Kf6 81. Kf4 Rd4+ 82. Kg3 Rd7 83. b6 Ke5 84. Re8+ Kf6 85. Rh8 Kg7 86. Rc8 {[%emt 0:00:14] White wants to mate with Rc7.} Kf6 87. Rc5 Rd6 88. Rb5 Ke6 89. Rb1 Kf6 90. Rb4 Ke5 91. Rb5+ Kf6 {[%emt 0:00:04] A wild game.   Weighted Error Value: White=0.33/Black=0.31} 1/2-1/2

[Event "Polish Youth G16 Championship 2023"]
[Site "Jastrzebia Gora"]
[Date "2023.03.15"]
[Round "5.4"]
[White "Pawicka, Magdalena"]
[Black "Kicinska, Magdalena"]
[Result "1-0"]
[ECO "B12"]
[WhiteElo "1805"]
[BlackElo "1573"]
[Annotator "NA RC COMBH"]
[PlyCount "71"]
[EventDate "2023.03.11"]
[EventType "swiss"]
[EventCountry "POL"]
[SourceTitle "playchess.com"]
[Source "ChessBase"]
[SourceQuality "1"]
[TimeControl "40/5400+30:1800+30"]

1. e4 c6 2. d4 d5 3. e5 Bf5 4. Nf3 e6 5. Be2 Nd7 6. O-O c5 7. c3 Ne7 8. dxc5 Nc6 9. Nd4 Bg6 10. b4 Ndxe5 11. f4 Nd7 12. Bg4 Nxd4 13. cxd4 h5 14. Bh3 a5 15. b5 Nxc5 16. f5 exf5 17. dxc5 Bxc5+ 18. Kh1 O-O (18... Qf6 $16 {keeps fighting.}) 19. Bxf5 Qh4 20. Rf4 Qf6 21. Bxg6 Qxg6 22. Bb2 Qg5 (22... Rfe8 {keeps fighting.}) 23. Rf3 Rfe8 24. Rg3 {[%emt 0:01:35] Skewer, Deflection} Qf4 25. Bxg7 Bf2 26. Be5+ Bxg3 27. Bxf4 Re1+ 28. Qxe1 Bxe1 29. Nd2 Bf2 30. Rc1 b6 31. Nf3 d4 $18 32. Rc2 Be3 33. Bxe3 dxe3 34. Kg1 f5 35. Kf1 f4 36. Rc6 1-0

[Event "Polish Youth G16 Championship 2023"]
[Site "Jastrzebia Gora"]
[Date "2023.03.15"]
[Round "5.5"]
[White "Lazniewska, Zofia"]
[Black "Ziobrowska, Maja"]
[Result "0-1"]
[ECO "B15"]
[WhiteElo "1621"]
[BlackElo "1758"]
[Annotator "NA RC COMBH"]
[PlyCount "68"]
[EventDate "2023.03.11"]
[EventType "swiss"]
[EventCountry "POL"]
[SourceTitle "playchess.com"]
[Source "ChessBase"]
[SourceQuality "1"]
[TimeControl "40/5400+30:1800+30"]

1. e4 c6 2. d4 d5 3. Nc3 dxe4 4. Nxe4 Nf6 5. Nxf6+ exf6 6. c3 Bd6 7. Bd3 O-O 8. Qc2 Re8+ 9. Ne2 h5 10. O-O Nd7 11. Bf4 Nf8 12. Bxd6 Qxd6 13. Ng3 h4 14. Nf5 Bxf5 15. Bxf5 g6 16. Bg4 f5 17. Bf3 Ne6 18. Qd2 g5 19. g3 g4 20. Bh1 Kg7 21. Rad1 f6 22. d5 Ng5 23. dxc6 Nh3+ 24. Kg2 f4 25. f3 Rad8 26. Qc2 Qxc6 27. gxh4 Rxd1 28. Qxd1 Re3 29. c4 b6 30. b4 Kh6 31. c5 bxc5 32. bxc5 Ra3 33. Qd2 gxf3+ 34. Kxh3 Qe6# 0-1

[Event "Polish Youth G16 Championship 2023"]
[Site "Jastrzebia Gora"]
[Date "2023.03.15"]
[Round "5.6"]
[White "Kawa, Anna"]
[Black "Giemza, Julia"]
[Result "1-0"]
[ECO "B40"]
[WhiteElo "1743"]
[BlackElo "1536"]
[Annotator "NA RC COMBH"]
[PlyCount "101"]
[EventDate "2023.03.11"]
[EventType "swiss"]
[EventCountry "POL"]
[SourceTitle "playchess.com"]
[Source "ChessBase"]
[SourceQuality "1"]
[TimeControl "40/5400+30:1800+30"]

1. e4 c5 2. Nf3 e6 3. d3 Nc6 4. g3 d6 5. Bg2 Nf6 6. O-O Be7 7. c3 O-O 8. Nbd2 e5 9. a3 h6 10. Qc2 Be6 11. Rd1 Rc8 12. Qb1 d5 13. Re1 dxe4 14. dxe4 c4 15. Bf1 b5 16. a4 a6 17. axb5 axb5 18. b3 cxb3 19. Bxb5 Qb6 20. c4 Ng4 21. Re2 Nxf2 22. Rxf2 Bc5 23. Ra6 Bxf2+ 24. Kg2 Qe3 25. Qxb3 Qe2 26. c5 Bxc5+ 27. Bxe2 Bxb3 28. Nxb3 Nd4 29. Nxc5 Nxe2 30. Be3 Ra8 31. Rxa8 Rxa8 32. Nxe5 Re8 33. Ned7 Nc3 34. Kf3 Re7 35. Nb6 Nb5 36. Nd5 Ra7 37. h4 Ra3 38. Nd7 Nd4+ 39. Kg4 Ne6 40. Ne7+ Kh7 41. Nd5 Kg6 42. Ne5+ Kh7 43. Nxf7 Ra4 44. Kf5 Nf8 45. Nd6 Ra1 46. e5 Rd1 47. Nf4 Re1 48. Bf2 Rf1 49. Ne4 Ra1 50. e6 Ra5+ 51. Bc5 1-0

[Event "Polish Youth G16 Championship 2023"]
[Site "Jastrzebia Gora"]
[Date "2023.03.15"]
[Round "5.7"]
[White "Kulczycka, Zofia"]
[Black "Szopa, Emilia"]
[Result "0-1"]
[ECO "B32"]
[WhiteElo "1547"]
[BlackElo "1709"]
[Annotator "NA RC COMBH"]
[PlyCount "78"]
[EventDate "2023.03.11"]
[EventType "swiss"]
[EventCountry "POL"]
[SourceTitle "playchess.com"]
[Source "ChessBase"]
[SourceQuality "1"]
[TimeControl "40/5400+30:1800+30"]

1. e4 c5 2. Nf3 Nc6 3. d4 cxd4 4. Nxd4 e5 5. Nb5 d6 6. N1c3 a6 7. Na3 Be6 8. Be3 Rb8 9. Nd5 Bxd5 10. exd5 Nce7 11. c4 Qd7 12. Bd3 g6 13. O-O Bg7 14. Qd2 f5 15. f3 Nf6 16. Rad1 f4 17. Bf2 Bh6 18. c5 O-O 19. Nc4 Nexd5 20. Nxd6 Ne3 21. Bxe3 fxe3 22. Bc4+ Kg7 23. Qc3 Qe7 24. g3 Rbd8 25. Qb3 b5 26. Be2 Nh5 27. a4 Nf4 28. gxf4 Bxf4 29. Qc2 Qg5+ 30. Kh1 Bxh2 31. Bd3 Rf4 32. Qg2 Bg3 33. Ne4 Rh4+ 34. Kg1 Bh2+ 35. Kh1 Qh6 36. Nd6 Rxd6 37. cxd6 Bf4+ 38. Kg1 Rh2 39. Rfe1 Rxg2+ 0-1

[Event "Polish Youth G16 Championship 2023"]
[Site "Jastrzebia Gora"]
[Date "2023.03.15"]
[Round "5.8"]
[White "Sprzeczka, Emilia"]
[Black "Romejko, Jagoda"]
[Result "1/2-1/2"]
[ECO "C50"]
[WhiteElo "1887"]
[BlackElo "1483"]
[Annotator "NA RC COMBH"]
[PlyCount "111"]
[EventDate "2023.03.11"]
[EventType "swiss"]
[EventCountry "POL"]
[SourceTitle "playchess.com"]
[Source "ChessBase"]
[SourceQuality "1"]
[TimeControl "40/5400+30:1800+30"]

1. e4 e5 2. Nf3 Nc6 3. Bc4 Nf6 4. d3 Bc5 5. O-O O-O 6. h3 h6 7. c3 d6 8. Re1 Be6 {[%emt 0:03:04] 8...Bb6 is a critical line.} 9. Bb3 Bxb3 10. axb3 Re8 (10... a5 $11) 11. b4 Bb6 {[%emt 0:05:34] [#]} 12. b5 $146 ({Predecessor:} 12. Nbd2 a6 13. Nf1 d5 14. Qe2 d4 15. Ng3 Qd7 16. Nh4 dxc3 17. bxc3 Rad8 18. Rd1 {1-0 Matijevic,F (2164)-Rusjan,D (2060) Nova Gorica op-A 19th 2014 (3)}) 12... Ne7 13. c4 c6 14. Nc3 Ng6 15. bxc6 bxc6 16. b4 Rb8 17. b5 (17. Qc2 $14 {feels stronger.}) 17... Ba5 18. Bd2 Bxc3 19. Bxc3 cxb5 20. cxb5 Rxb5 21. Rxa7 Qb6 22. Qa1 Rf8 23. Qa2 Nf4 24. d4 Qc6 25. Ba1 Nd3 ({Don't play} 25... Nxe4 26. Ra6 (26. dxe5 Ng5 $17) (26. d5 Rxd5 27. Rxe4 Rd1+ {[%mdl 64] Discovered Attack} 28. Re1 Qxf3 $11) 26... Qb7 27. Ra7 $11) 26. Rd1 Qxe4 27. Qc2 Nf4 28. Qxe4 Nxe4 29. dxe5 dxe5 30. Bxe5 Ng6 31. Bd4 Rfb8 32. g3 Rb1 33. Rxb1 Rxb1+ 34. Kg2 Rd1 35. Be3 Nf6 36. h4 Rb1 37. Bd4 Ng4 (37... Rb5 $11 {remains equal.}) 38. h5 Nf8 39. Ra8 Rc1 40. Bb2 Rc2 41. Ba3 Rxf2+ (41... Kh7 $1 $14) 42. Kh3 Rxf3 43. Kxg4 ({Much weaker is} 43. Rxf8+ $6 Kh7 $11) 43... Rxa3 44. Rxa3 Ne6 (44... Kh7 ) (44... g6 $16 {was called for.} 45. Ra8 Kg7) 45. Ra8+ Kh7 46. Ra7 Kg8 47. Ra8+ Kh7 48. Kf5 Nd4+ 49. Ke5 Nf3+ 50. Kd6 g6 {[%emt 0:01:10] [#]} 51. Rf8 (51. g4 $1 $16) 51... Kg7 52. Ke7 Ne5 53. g4 gxh5 54. gxh5 Nc6+ 55. Ke8 Ne5 56. Ke7 $11 1/2-1/2

[Event "Polish Youth G16 Championship 2023"]
[Site "Jastrzebia Gora"]
[Date "2023.03.15"]
[Round "5.9"]
[White "Seemann, Pola"]
[Black "Pniewska, Beata"]
[Result "1-0"]
[ECO "C09"]
[WhiteElo "1714"]
[BlackElo "1448"]
[Annotator "NA RC COMBH"]
[PlyCount "71"]
[EventDate "2023.03.11"]
[EventType "swiss"]
[EventCountry "POL"]
[SourceTitle "playchess.com"]
[Source "ChessBase"]
[SourceQuality "1"]
[TimeControl "40/5400+30:1800+30"]

1. e4 e6 2. d4 c5 3. Nf3 d5 4. Nbd2 Nc6 5. exd5 exd5 6. Bb5 Bg4 7. O-O Nh6 8. h3 Bd7 9. Re1+ Be7 10. Nb3 Be6 11. Ne5 Qb6 12. Bxc6+ bxc6 13. dxc5 Bxc5 14. Nxc5 Qxc5 15. Bxh6 gxh6 16. Nxf7 Rf8 17. Qh5 Ke7 18. Qxh6 Rxf7 19. Qxe6+ Kf8 20. Qh6+ Kg8 21. Re2 Raf8 22. Qh4 Qb5 23. Qg3+ Rg7 24. Qe5 Rb8 25. b3 Kh8 26. Rae1 Rbg8 27. Qf6 c5 28. Re7 Qb6 29. Qe5 Qb4 30. Rxg7 Rxg7 31. c3 Qb7 32. Qd6 d4 33. Re8+ Rg8 34. Qf6+ Qg7 35. Rxg8+ Kxg8 36. Qxg7+ 1-0

[Event "Polish Youth G16 Championship 2023"]
[Site "Jastrzebia Gora"]
[Date "2023.03.15"]
[Round "5.10"]
[White "Salamon, Julia"]
[Black "Nowak, Zuzanna"]
[Result "1-0"]
[ECO "D47"]
[WhiteElo "1701"]
[BlackElo "1427"]
[Annotator "NA RC COMBH"]
[PlyCount "83"]
[EventDate "2023.03.11"]
[EventType "swiss"]
[EventCountry "POL"]
[SourceTitle "playchess.com"]
[Source "ChessBase"]
[SourceQuality "1"]
[TimeControl "40/5400+30:1800+30"]

1. d4 d5 2. c4 e6 3. Nc3 c6 4. e3 Nf6 5. Nf3 Nbd7 6. Bd3 dxc4 7. Bxc4 b5 8. Bd3 Bb7 9. O-O a6 10. Qe2 c5 11. Rd1 Qc7 12. a3 Be7 13. Bc2 O-O 14. e4 b4 15. axb4 cxb4 16. Na4 Rac8 17. Bd3 a5 18. Bg5 e5 19. d5 h6 20. Be3 Ng4 21. Rdc1 Qd6 22. h3 Nxe3 23. Qxe3 Kh8 24. Bb5 Nf6 25. Qa7 Rb8 26. Bc6 Bc8 27. Nd2 Nh5 28. Nc4 Qg6 29. Qxe7 Bxh3 30. Ne3 Bxg2 31. Qh4 Bf3+ 32. Kh2 Nf4 33. Rg1 Qh7 34. Nf5 Ng6 35. Qg3 Bxe4 36. Nd6 Bc2 37. Nc5 Nf4 38. Nd7 Ne2 39. Qxe5 Nxg1 40. Rxg1 f6 41. Qe7 Rfd8 42. Nf7+ 1-0

[Event "Polish Youth G16 Championship 2023"]
[Site "Jastrzebia Gora"]
[Date "2023.03.15"]
[Round "5.11"]
[White "Dura, Anna"]
[Black "Zielinska, Aleksandra"]
[Result "0-1"]
[ECO "A25"]
[WhiteElo "1186"]
[BlackElo "1613"]
[Annotator "NA RC COMBH"]
[PlyCount "96"]
[EventDate "2023.03.11"]
[EventType "swiss"]
[EventCountry "POL"]
[SourceTitle "playchess.com"]
[Source "ChessBase"]
[SourceQuality "1"]
[TimeControl "40/5400+30:1800+30"]

1. c4 e5 2. Nc3 Nc6 3. g3 f5 4. d3 d6 5. Bg2 g6 6. e3 Bg7 7. Nge2 Nf6 8. Rb1 a5 9. a3 O-O 10. b4 axb4 11. axb4 Ne7 12. O-O c6 13. Qb3 Be6 14. b5 d5 15. Rd1 Qc7 16. c5 g5 17. d4 Ng6 18. dxe5 Nxe5 19. Nd4 Qf7 20. Nxe6 Qxe6 21. e4 Nxe4 22. Nxe4 fxe4 23. Bxg5 Nf3+ 24. Bxf3 exf3 25. Bf4 Qg4 26. h3 Qxh3 27. Qxf3 Be5 28. Rb4 Rf7 29. Qe3 Bxf4 30. Rxf4 Rxf4 31. Qxf4 Qd7 32. Qg5+ Qg7 33. Qxg7+ Kxg7 34. bxc6 bxc6 35. Kg2 Ra5 36. Rc1 Kf6 37. Kf3 Kf5 38. Ke3 Ra3+ 39. Kd4 Ra4+ 40. Kd3 Ra2 41. Ke3 Ke5 42. Rh1 d4+ 43. Kf3 Kd5 44. Rc1 Ra3+ 45. Kf4 Ra5 46. Rh1 Ra7 47. Rh5+ Kc4 48. Kf3 Re7 0-1

[Event "Polish Youth G16 Championship 2023"]
[Site "Jastrzebia Gora"]
[Date "2023.03.15"]
[Round "5.12"]
[White "Oborska, Magda"]
[Black "Michalska, Anna-Maria"]
[Result "1-0"]
[ECO "B13"]
[WhiteElo "1613"]
[BlackElo "1417"]
[Annotator "NA RC COMBH"]
[PlyCount "69"]
[EventDate "2023.03.11"]
[EventType "swiss"]
[EventCountry "POL"]
[SourceTitle "playchess.com"]
[Source "ChessBase"]
[SourceQuality "1"]
[TimeControl "40/5400+30:1800+30"]

1. e4 c6 2. d4 d5 3. exd5 cxd5 4. c3 Nc6 5. Bd3 Nf6 6. h3 e6 7. Bf4 Be7 8. Nf3 a6 9. a4 Bd6 10. Bxd6 Qxd6 11. O-O O-O 12. Re1 b6 13. Nbd2 Bb7 14. Ne5 Nd7 15. Ndf3 f6 16. Nxc6 Bxc6 17. Qe2 Rfe8 18. Bxa6 e5 19. dxe5 fxe5 20. Bb5 Bxb5 21. Qxb5 Ra5 22. Qe2 Raa8 23. Qb5 Ra5 24. Qb3 Nc5 25. Qc2 Raa8 26. b4 Ne4 27. Qb3 Qc6 28. Rxe4 Kh8 29. Rxe5 Red8 30. Rd1 Rxa4 31. Rexd5 Re8 32. Rd8 Ra8 33. Rxa8 Qxa8 34. Qd5 Qb8 35. Ng5 1-0

[Event "Polish Youth G16 Championship 2023"]
[Site "Jastrzebia Gora"]
[Date "2023.03.15"]
[Round "5.14"]
[White "Bauer, Maja"]
[Black "Nieckarz, Maja"]
[Result "0-1"]
[ECO "B75"]
[WhiteElo "1383"]
[BlackElo "1493"]
[Annotator "NA RC COMBH"]
[PlyCount "86"]
[EventDate "2023.03.11"]
[EventType "swiss"]
[EventCountry "POL"]
[SourceTitle "playchess.com"]
[Source "ChessBase"]
[SourceQuality "1"]
[TimeControl "40/5400+30:1800+30"]

1. e4 c5 2. Nf3 d6 3. d4 cxd4 4. Nxd4 Nf6 5. Nc3 g6 6. f3 Bg7 7. Be3 Nc6 8. Qd2 O-O 9. g4 Be6 10. h4 h5 11. gxh5 Nxh5 12. Rg1 Qc8 13. Nxe6 Qxe6 14. Bh6 Nd4 15. Kf2 Qf6 16. Bxg7 Kxg7 17. Be2 Qxh4+ 18. Ke3 Qf4+ 19. Kd3 Nxf3 20. Bxf3 Qxf3+ 21. Qe3 Qxe3+ 22. Kxe3 Nf6 23. Raf1 Rh8 24. Rf2 Rac8 25. Nb5 Rc5 26. Nd4 Re5 27. Nf5+ Kf8 28. Nxd6 Rh4 29. Nxb7 Rexe4+ 30. Kd2 Rb4 31. Nc5 Rxb2 32. Kc3 Rb5 33. Rg5 Rxc5+ 34. Rxc5 Ne4+ 35. Kb2 Nxc5 36. Rd2 f5 37. Rd8+ Kf7 38. Rc8 Ne6 39. c4 Rd4 40. Kc3 f4 41. Rc6 f3 42. Rxe6 Kxe6 43. Kxd4 f2 0-1

[Event "Polish Youth G16 Championship 2023"]
[Site "Jastrzebia Gora"]
[Date "2023.03.15"]
[Round "5.15"]
[White "Bandyk, Joanna"]
[Black "Pastuszko, Katarzyna"]
[Result "0-1"]
[ECO "C58"]
[WhiteElo "1459"]
[BlackElo "1286"]
[Annotator "NA RC COMBH"]
[PlyCount "64"]
[EventDate "2023.03.11"]
[EventType "swiss"]
[EventCountry "POL"]
[SourceTitle "playchess.com"]
[Source "ChessBase"]
[SourceQuality "1"]
[TimeControl "40/5400+30:1800+30"]

1. e4 e5 2. Nf3 Nc6 3. Bc4 Nf6 4. Ng5 d5 5. exd5 Na5 6. Bb5+ c6 7. dxc6 bxc6 8. Qf3 Be7 9. Bxc6+ Nxc6 10. Qxc6+ Bd7 11. Qc4 O-O 12. Nc3 Rc8 13. Qe2 h6 14. Nge4 Nxe4 15. Nxe4 f5 16. Nc3 f4 17. O-O f3 18. Qxe5 Rf5 19. Qe4 fxg2 20. Re1 Bd6 21. d4 Qc7 22. Nd5 Bxh2+ 23. Kxg2 Rxf2+ 24. Kh1 Qg3 25. Ne7+ Kh8 26. Be3 Bg1 27. Ng6+ Kg8 28. Ne7+ Kf8 29. Qf4+ Rxf4 30. Bxf4 Qh3+ 31. Kxg1 Rxc2 32. Ng6+ Kg8 0-1

[Event "Polish Youth G16 Championship 2023"]
[Site "Jastrzebia Gora"]
[Date "2023.03.15"]
[Round "5.16"]
[White "Pietryk, Joanna"]
[Black "Krzysztynska, Maria"]
[Result "1-0"]
[ECO "C62"]
[WhiteElo "1488"]
[BlackElo "1335"]
[Annotator "NA RC COMBH"]
[PlyCount "106"]
[EventDate "2023.03.11"]
[EventType "swiss"]
[EventCountry "POL"]
[SourceTitle "playchess.com"]
[Source "ChessBase"]
[SourceQuality "1"]
[TimeControl "40/5400+30:1800+30"]

1. e4 e5 2. Nf3 Nc6 3. Bb5 d6 4. d4 Bd7 5. Bxc6 Bxc6 6. Nc3 Nf6 7. Qe2 Qe7 8. d5 Bd7 9. O-O h6 10. h3 g5 11. Nh2 Rg8 12. Ng4 Nxg4 13. hxg4 h5 14. gxh5 g4 15. g3 Qf6 16. Kg2 Bh6 17. Be3 a6 18. Rh1 Rh8 19. Rh4 Bg5 20. Bxg5 Qxg5 21. Rah1 Rh6 22. Nd1 O-O-O 23. Qe3 Qf6 24. c4 Rdh8 25. b4 Qg7 26. Qa7 c6 27. b5 cxb5 28. cxb5 axb5 29. Ne3 Kd8 30. Qb8+ Ke7 31. Qc7 Ke8 32. Nf5 Bxf5 33. exf5 Qg5 34. Qc8+ Ke7 35. Qxb7+ Kf8 36. Qd7 Rf6 37. Qd8+ Kg7 38. h6+ Kh7 39. Rxg4 Rxd8 40. Rxg5 Rxh6 41. Rb1 Ra8 42. Rb2 Ra4 43. Rxb5 f6 44. Rb7+ Kh8 45. Rgg7 Rxa2 46. Rgd7 Ra8 47. Rxd6 Rf8 48. Rdd7 Rh5 49. d6 Rg5 50. Re7 Kg8 51. d7 Rg7 52. Rxg7+ Kxg7 53. d8=Q+ Rf7 1-0

[Event "Polish Youth G16 Championship 2023"]
[Site "Jastrzebia Gora"]
[Date "2023.03.15"]
[Round "5.17"]
[White "Biniak, Zuzanna"]
[Black "Niedorys, Karolina"]
[Result "1-0"]
[ECO "B50"]
[WhiteElo "1457"]
[BlackElo "1458"]
[Annotator "NA RC COMBH"]
[PlyCount "89"]
[EventDate "2023.03.11"]
[EventType "swiss"]
[EventCountry "POL"]
[SourceTitle "playchess.com"]
[Source "ChessBase"]
[SourceQuality "1"]
[TimeControl "40/5400+30:1800+30"]

1. e4 c5 2. Nf3 d6 3. d3 Nc6 4. g3 g6 5. Bg2 Bg7 6. c3 e5 7. a3 Nge7 8. O-O O-O 9. Ne1 Be6 10. Nd2 f5 11. f4 b5 12. Nc2 Qd7 13. Nf3 Rab8 14. Ng5 a5 15. Nxe6 Qxe6 16. Be3 b4 17. axb4 axb4 18. exf5 gxf5 19. fxe5 b3 20. Na3 Nxe5 21. Re1 Qg6 22. Bf4 N5c6 23. Nc4 Rf6 24. Ra3 Bh6 25. Bxh6 Qxh6 26. Rxb3 Rbf8 27. Ne3 Kh8 28. d4 c4 29. Rb6 d5 30. Nxd5 Nxd5 31. Bxd5 f4 32. Rxc6 fxg3 33. hxg3 Rxc6 34. Bxc6 Qxc6 35. Rf1 Rxf1+ 36. Qxf1 Qh6 37. Qf4 Qxf4 38. gxf4 Kg7 39. Kg2 Kf6 40. Kg3 h5 41. Kh4 Kf5 42. Kxh5 Kxf4 43. Kg6 Ke4 44. Kf6 Kd5 45. Kf5 1-0